 Dungeon Crawl Stone Soup version 0.24-b1 (webtiles) character file.

Game seed: 4492384553379464850, levelgen mode: deterministic

33194 MrRokkomies the Grappler (level 13, -24/114 HPs)
             Began as a Ghoul Monk on Oct 13, 2019.
             Was a High Priest of Lugonu.
             Killed from afar by a fire dragon (48 damage)
             ... with a blast of flame
             ... on level 6 of the Lair of Beasts.
             The game lasted 01:13:31 (18095 turns).

MrRokkomies the Grappler (Ghoul Monk)              Turns: 18095, Time: 01:13:31

Health: -24/114    AC: 19    Str: 14    XL:     13   Next: 69%
Magic:  18/20      EV: 10    Int:  9    God:    Lugonu [*****.]
Gold:   1124       SH:  5    Dex: 16    Spells: 12/12 levels left

rFire    . . .     SeeInvis .     - Unarmed
rCold    + + +     Gourm    .   (no shield)
rNeg     + + +     Faith    .   E - +3 scale mail {rC+}
rPois    ∞         Spirit   .   r - +1 helmet
rElec    .         Reflect  +   k - +2 cloak
rCorr    .         Harm     .   (no gloves)
MR       +....                  C - +1 pair of boots
Stlth    +.........             g - +5 amulet of reflection
HPRegen  0.00/turn              a - ring of protection from magic
MPRegen  0.17/turn              M - ring of the Original Sin {rC+ rN+ Str-4 Int+3 Dex+4}

@: rotting, very slow
A: rotting body, claws 1, carnivore, cold resistance 1, negative energy
resistance 3, inhibited regeneration, torment resistance, unbreathing
a: Depart the Abyss, Bend Space, Banish, Corrupt, Enter the Abyss, Renounce
Religion


You were on level 6 of the Lair of Beasts.
You worshipped Lugonu.
Lugonu was extremely pleased with you.
You were not hungry.

You visited 2 branches of the dungeon, and saw 16 of its levels.
You also visited: Ossuary.

You collected 1124 gold pieces.

Inventory:

Hand Weapons
 b - a +1 hunting sling
 N - the +8 longbow of Zin {venom, rPois rN+ Str+2}
   (You found it on level 10 of the Dungeon)

   It poisons the ammo it fires.
   It affects your strength (+2).
   It protects you from poison.
   It protects you from negative energy.
 V - the +6 arbalest "Damnation" {damnation}
   (You found it on level 5 of the Lair of Beasts)
 Y - the +7 great mace of Regicide {crush, rElec rF+}
   (You found it on level 5 of the Lair of Beasts)

   It inflicts extra damage upon your enemies.
   It protects you from fire.
   It insulates you from electricity.
Missiles
 i - 41 poisoned darts
 o - 387 stones (quivered)
 u - 28 sling bullets
 z - 4 throwing nets
 I - 3 atropa-tipped darts
Armour
 k - a +2 cloak (worn)
 r - a +1 helmet (worn)
 A - the +0 cloak of the Guild-Master {*Contam rN+ SInv}
   (You acquired it on level 6 of the Dungeon)

   It protects you from negative energy.
   It lets you see invisible.
   It causes magical contamination when unequipped.
 C - a +1 pair of boots (worn)
 E - a +3 scale mail of cold resistance (worn)
Jewellery
 a - a ring of protection from magic (left claw)
 g - a +5 amulet of reflection (around neck)
 J - an uncursed ring of ice
 L - an uncursed amulet of rage {unknown}
 M - the ring of the Original Sin (right claw) {rC+ rN+ Str-4 Int+3 Dex+4}
   (You found it on level 10 of the Dungeon)

   [ring of protection from cold]

   It affects your strength (-4).
   It affects your intelligence (+3).
   It affects your dexterity (+4).
   It protects you from cold.
   It protects you from negative energy.
 Z - a +4 ring of protection {unknown}
Wands
 e - a wand of disintegration (20)
 h - a wand of enslavement (9)
 t - a wand of iceblast (10)
 v - a wand of acid (5)
 H - a wand of flame (19)
 K - a wand of random effects (15)
 O - a wand of paralysis (8)
 W - a wand of digging (3)
Scrolls
 c - a scroll of immolation
 d - 6 scrolls of fear
 m - 6 scrolls of teleportation
 p - 5 scrolls of amnesia
 q - 7 scrolls of remove curse
 y - 2 scrolls of blinking
 P - a scroll of magic mapping
 R - 4 scrolls of identify
 U - a scroll of enchant armour
Potions
 f - 10 potions of curing
 j - 3 potions of haste
 l - 2 potions of agility
 n - 2 potions of flight
 B - a potion of cancellation
 D - 2 potions of brilliance
 F - a potion of magic
 G - a potion of invisibility
 S - a potion of ambrosia
 T - a potion of might
Comestibles
 s - 37 rations
 w - 8 chunks of flesh


   Skills:
 - Level 10.3 Fighting
 - Level 9.0 Slings
 - Level 8.0 Armour
 - Level 2.6 Dodging
 - Level 2.1 Stealth
 - Level 12.0 Unarmed Combat
 + Level 11.2 Invocations
 * Level 7.6 Evocations


You had 12 spell levels left.
You didn't know any spells.
Your spell library contained the following spells:

 Spells                   Type           Power        Failure   Level  Hunger
 Animate Skeleton         Necr           N/A          80%         1    ##.....
 Freeze                   Ice            #...         80%         1    ##.....
 Pain                     Necr           #...         80%         1    ##.....
 Throw Frost              Conj/Ice       #.....       91%         2    ###....
 Ozocubu's Armour         Chrm/Ice       #.......     99%         3    ####...
 Regeneration             Chrm/Necr      #.........   99%         3    ####...
 Vampiric Draining        Necr           #.........   99%         3    ####...
 Animate Dead             Necr           N/A          100%        4    #####..
 Summon Ice Beast         Ice/Summ       #.......     100%        4    #####..
 Throw Icicle             Conj/Ice       #.......     100%        4    #####..


Dungeon Overview and Level Annotations

Branches:
Dungeon (10/15)            Temple (0/1) D:6            Lair (6/6) D:10
 Shoals (0/4) Lair:4        Snake (0/4) Lair:4        Slime (0/5) Lair:6
Ossuary (visited)
    Orc: D:9-12

Altars:
Cheibriados
Elyvilon
Gozag
Kikubaaqudgha
Nemelex Xobeh
Ru
Xom
The Shining One
Lugonu

Shops:
D:5 (

Annotations:
D:6 3 runed translucent doors, Gumption's ghost, novice MfGl
Lair:3 exclusion: oklob plant
Lair:4 2 transporters, MordorOrchid's ghost, journeyman DsNe
Abyss:1 Psyche; Urug


Innate Abilities, Weirdness & Mutations

Your body is rotting away.
You thrive on raw meat.
You are immune to poison.
You have sharp fingernails.
You are carnivorous and can eat meat at any time.
Your flesh is cold resistant. (rC+)
You are immune to negative energy. (rN+++)
You do not regenerate when monsters are visible.
You are immune to unholy pain and torment.
You can survive without breathing.


Message History

The blast of flame hits you!!
* * * LOW HITPOINT WARNING * * *
The komodo dragon bites you but does no damage.
You feel much better. The fire dragon closely misses you.
The fire dragon claws you but does no damage.
The fire dragon tramples you but does no damage.
The komodo dragon closely misses you. Space bends around you!
You blink.
Splash!
You fall into the shallow water.
Moving in this stuff is going to be slow.
The fire dragon bites you but does no damage.
The fire dragon claws you.
* * * LOW HITPOINT WARNING * * *
The fire dragon closely misses you. You block the komodo dragon's attack.
Space bends around you!
You blink.
Splash!
The fire dragon breathes flames at you. The blast of flame hits you!!!
You die... #.... 77777777

###.P 77..7≈†P77
7777≈
7lDP≈≈≈[.7777.77.
7.§≈≈≈≈≈7.7...77.
77.≈≈P77.≈.77..777
7.§≈≈..777...7.P77
7§≈≈≈P777.≈..7.≈7≈
7@≈≈≈≈.77≈≈..777≈≈
7≈≈≈≈≈≈777≈≈.P77.≈
7≈≈≈≈≈..77P≈≈77≈.7
7.≈≈≈≈P7777..≈≈.77
7.≈≈≈..$. 77.≈.=P.
77.≈≈≈≈.? 77≈≈P..
.≈≈≈≈.$ 7≈..7.
7.≈≈..$ 7≈≈..7
7.≈≈..7


You could see a fire dragon and a komodo dragon.

Vanquished Creatures
  Fannar (D:10)
  Harold (D:8)
  An unseen horror (D:10)
  A swamp dragon (Lair:6)
  2 black mambas
  Maurice (D:10)
  5 spiny frogs
  2 rime drakes
  3 komodo dragons
  2 trolls (D:9)
  Grinder (D:5)
  19 blink frogs
  4 hippogriffs
  8 dream sheep
  4 wyverns
  29 yaks
  Grum (Lair:1)
  2 basilisks
  2 steam dragons (Lair:6)
  3 nagas (Lair:4)
  20 soldier ants (Lair:2)
  An acid dragon (Lair:6)
  6 porcupines
  10 water moccasins
  4 swamp drakes
  4 ice beasts
  A sky beast (D:6)
  A phantom (D:8)
  A black bear (D:10)
  6 ogres
  4 orc warriors
  9 wolves
  5 centaurs
  9 crocodiles
  7 bullfrogs
  2 big kobolds
  3 scorpions
  An electric eel (D:10)
  16 wights
  4 howler monkeys
  3 centaur zombies (Ossuary)
  2 crimson imps (D:7)
  A quasit (D:9)
  A hound (D:9)
  4 jellies
  A bullfrog skeleton (D:7)
  4 orc priests
  A gnoll shaman (D:4)
  4 iguanas
  10 orc wizards
  27 worker ants
  2 centaur simulacra (D:10)
  2 ogre zombies (Ossuary)
  A big kobold zombie (Ossuary)
  A hound zombie (D:10)
  7 mummies (Ossuary)
  3 hound skeletons
  A worker ant zombie (D:8)
  11 adders
  4 gnolls
  2 shadow imps
  7 white imps (D:10)
  3 ufetubi (D:10)
  3 oozes
  6 adder zombies (Ossuary)
  An adder skeleton (D:4)
  3 worms
  2 dart slugs (D:3)
  An adder simulacrum (D:10)
  8 leopard geckos
  29 orcs
  9 bats
  2 giant cockroaches
  10 goblins
  6 hobgoblins
  12 jackals
  12 kobolds
  2 quokkas
  A ball python (D:2)
  5 frilled lizards
  A gnoll zombie (Ossuary)
  2 goblin zombies (Ossuary)
  4 hobgoblin zombies (Ossuary)
  A jackal zombie (D:6)
  3 kobold zombies (Ossuary)
  A quokka skeleton (D:6)
  5 quokka zombies
  8 rats
  5 rat zombies
  A butterfly (Lair:3)
  A fungus (Lair:4)
452 creatures vanquished.

Vanquished Creatures (collateral kills)
  2 gnolls
  An orc (D:4)
3 creatures vanquished.

Vanquished Creatures (others)
  4 hydras
  A two-headed ogre (D:9)
  A queen ant (Lair:2)
  4 lindwurms (Lair:5)
  5 dream sheep (Lair:4)
  An ogre (D:4)
  A wight (D:10)
  A kobold (D:8)
  4 fungi
  3 plants
25 creatures vanquished.

Grand Total: 480 creatures vanquished

Notes
Turn   | Place    | Note
-------+----------+-------------------------------------------
     0 | D:1      | MrRokkomies the Ghoul Monk began the quest for the Orb.
     0 | D:1      | Reached XP level 1. HP: 19/19 MP: 0/0
   305 | D:1      | Reached XP level 2. HP: 26/26 MP: 1/1
   565 | D:1      | Reached XP level 3. HP: 23/33 MP: 2/2
   570 | D:1      | Reached skill level 4 in Unarmed Combat
  1457 | D:2      | Reached XP level 4. HP: 34/41 MP: 3/3
  1836 | D:2      | Found a faded altar of an unknown god.
  1839 | D:2      | Became a worshipper of Lugonu the Unformed
  1839 | D:2      | Reached * piety under Lugonu
  1839 | D:2      | Reached ** piety under Lugonu
  1839 | D:2      | Reached *** piety under Lugonu
  2008 | D:2      | Found an opulent altar of Gozag.
  2327 | D:3      | Noticed an ogre
  2338 | D:3      | Killed an ogre
  2338 | D:3      | Reached skill level 5 in Fighting
  2338 | D:3      | Reached skill level 5 in Unarmed Combat
  2338 | D:3      | Reached skill level 1 in Invocations
  2338 | D:3      | Reached XP level 5. HP: 48/48 MP: 4/4
  2480 | D:3      | Reached XP level 6. HP: 55/56 MP: 6/6
  2492 | D:3      | Reached **** piety under Lugonu
  2784 | D:3      | Found a glowing golden altar of the Shining One.
  3276 | D:4      | Reached skill level 6 in Unarmed Combat
  3276 | D:4      | Reached XP level 7. HP: 60/63 MP: 7/7
  4106 | D:5      | Entered Level 5 of the Dungeon
  4393 | D:5      | Found Wogrush's Antique Weapon Shoppe.
  4519 | D:5      | Noticed Grinder
  4556 | D:5      | Killed Grinder
  4556 | D:5      | Reached skill level 7 in Unarmed Combat
  4556 | D:5      | Reached XP level 8. HP: 48/72 MP: 9/9
  5390 | D:6      | Identified a scroll of acquirement
  5391 | D:6      | Got a smoking cloak
  5402 | D:6      | Identified the +0 cloak of the Guild-Master {*Contam rN+
                  | SInv} (You acquired it on level 6 of the Dungeon)
  5471 | D:6      | Found a staircase to the Ecumenical Temple.
  5653 | D:6      | Reached skill level 8 in Unarmed Combat
  5678 | D:6      | Found a sparkling altar of Nemelex Xobeh.
  5685 | D:6      | Found a white marble altar of Elyvilon.
  5686 | D:6      | Found a sacrificial altar of Ru.
  5686 | D:6      | Found a snail-covered altar of Cheibriados.
  5687 | D:6      | Found an ancient bone altar of Kikubaaqudgha.
  5990 | D:6      | Found a runed translucent gate.
  5991 | D:6      | Found a runed translucent gate.
  5991 | D:6      | Noticed Gumption's ghost (novice MfGl)
  5992 | D:6      | Found a runed translucent gate.
  5994 | D:6      | Noticed a kobold demonologist
  5998 | D:6      | Identified the +1 dagger of Revolt {venom, rF+ rN+ Str-4
                  | Dex+4}
  6083 | D:7      | Reached ***** piety under Lugonu
  6083 | D:7      | Reached XP level 9. HP: 64/81 MP: 11/11
  6161 | D:7      | Reached skill level 5 in Invocations
  6386 | D:7      | Reached skill level 9 in Unarmed Combat
  6979 | D:8      | Found a sand-covered staircase.
  6993 | Ossuary  | Entered an ossuary
  7670 | D:8      | Noticed Psyche
  7671 | D:8      | Banished Psyche
  7760 | D:8      | Noticed Harold
  7792 | D:8      | Killed Harold
  7792 | D:8      | Reached skill level 10 in Fighting
  7792 | D:8      | Reached skill level 10 in Unarmed Combat
  7792 | D:8      | Reached XP level 10. HP: 42/94 MP: 11/13
  8042 | D:8      | Reached skill level 1 in Armour
  8406 | D:9      | Reached ****** piety under Lugonu
  8436 | D:9      | Noticed a two-headed ogre
  8456 | D:9      | Banished a two-headed ogre
  8908 | D:9      | Reached skill level 11 in Unarmed Combat
  9326 | D:9      | Found a sacrificial altar of Ru.
  9540 | D:9      | Reached XP level 11. HP: 71/101 MP: 15/15
  9736 | D:9      | Reached skill level 5 in Armour
  9849 | D:10     | Entered Level 10 of the Dungeon
  9893 | D:9      | Reached skill level 12 in Unarmed Combat
  9927 | D:10     | Noticed Urug
  9928 | D:10     | Banished Urug
  9928 | D:10     | Reached skill level 1 in Slings
 10032 | D:10     | Noticed Maurice
 10324 | D:10     | Noticed Fannar
 10342 | D:10     | Killed Fannar
 10348 | D:10     | Killed Maurice
 10566 | D:10     | Killed an unseen horror
 10821 | D:10     | Got a vibrating marble ring
 10822 | D:10     | Identified the ring of the Original Sin {rC+ rN+ Str-4
                  | Int+3 Dex+4} (You found it on level 10 of the Dungeon)
 10911 | D:10     | Got a slimy longbow
 10912 | D:10     | Identified the +8 longbow of Zin {venom, rPois rN+ Str+2}
                  | (You found it on level 10 of the Dungeon)
 10996 | D:10     | Found a staircase to the Lair.
 11191 | Lair:1   | Entered Level 1 of the Lair of Beasts
 11666 | Lair:1   | Noticed Grum
 11979 | Lair:1   | Killed Grum
 12050 | Lair:1   | Reached XP level 12. HP: 93/107 MP: 17/17
 12562 | Lair:2   | Reached skill level 5 in Slings
 12653 | Lair:2   | Noticed an eight-headed hydra
 12655 | Lair:2   | Banished an eight-headed hydra
 12865 | Lair:2   | Noticed a queen ant
 12885 | Lair:2   | Banished a queen ant
 12890 | Lair:2   | Reached skill level 1 in Evocations
 14358 | Lair:4   | Noticed an eight-headed hydra
 14359 | Lair:4   | Banished an eight-headed hydra
 14380 | Lair:4   | Found a transporter.
 14385 | Lair:4   | Found a transporter.
 14387 | Lair:4   | Noticed MordorOrchid's ghost (journeyman DsNe)
 14592 | Lair:4   | You fall into a shaft and drop 1 floor!
 14656 | Lair:5   | Reached skill level 10 in Invocations
 14876 | Lair:5   | You fall into a shaft and drop 1 floor!
 14876 | Lair:6   | Entered Level 6 of the Lair of Beasts
 14910 | Lair:6   | Noticed a catoblepas
 14920 | Lair:6   | Banished a catoblepas
 14920 | Lair:6   | Reached XP level 13. HP: 114/114 MP: 14/19
 14936 | Lair:6   | Reached skill level 5 in Evocations
 15143 | Lair:4   | Found a staircase to the Snake Pit.
 15174 | Lair:4   | Found a shimmering altar of Xom.
 15528 | Lair:4   | Found a staircase to the Shoals.
 16746 | Lair:5   | Found the +6 arbalest "Damnation" {damnation}
 16762 | Lair:5   | Got a flickering glass ring
 16769 | Lair:5   | Got an ancient great mace
 17289 | Lair:6   | Found a staircase to the Slime Pits.
 17710 | Lair:6   | Identified the ring "Weum" {rPois Str+3} (You found it on
                  | level 5 of the Lair of Beasts)
 17983 | Lair:6   | Identified the +7 great mace of Regicide {crush, rElec rF+}
                  | (You found it on level 5 of the Lair of Beasts)
 18070 | Lair:6   | Noticed a fire dragon
 18092 | Lair:6   | HP: 5/114 [fire dragon/blast of flame (33)]
 18095 | Lair:6   | Killed from afar by a fire dragon

Skill      XL: |  1  2  3  4  5  6  7  8  9 10 11 12 13 |
---------------+----------------------------------------+-----
Fighting       | 4 5 6 7 8 10 | 10.3
Unarmed Combat | 4 5 6 7 8 10 11 12 | 12.0
Invocations    | 1 2 3 4 6 7 9 10 11 | 11.2
Armour         | 4 7 8 |  8.0
Slings         | 4 7 9 |  9.0
Evocations     | 4 7 |  7.6
Dodging        | |  2.6
Stealth        | |  2.1

Action                   |  1- 3 |  4- 6 |  7- 9 | 10-12 | 13-15 || total
-------------------------+-------+-------+-------+-------+-------++-------
Melee: Unarmed           |   119 |   152 |   434 |   953 |   361 ||  2019
       Punch             |     1 |     4 |    13 |    62 |    20 ||   100
 Fire: Hunting sling     |       |       |    33 |    30 |    50 ||   113
Throw: Stone             |     4 |       |     3 |     2 |       ||     9
       Dart              |       |       |       |    13 |       ||    13
Invok: Bend Space        |       |       |     2 |       |     3 ||     5
       Banish            |       |       |     1 |    10 |    11 ||    22
Evoke: Wand              |       |     1 |     4 |     2 |     3 ||    10
  Use: Scroll            |     5 |     9 |    13 |     6 |     2 ||    35
       Potion            |       |       |     4 |     7 |     2 ||    13
 Stab: Sleeping          |     2 |       |       |       |       ||     2
  Eat: Chunk             |     6 |     7 |    15 |    69 |    43 ||   140
Armor: Robe              |    33 |       |       |       |       ||    33
       Ring mail         |     5 |       |       |       |       ||     5
       Leather armour    |     2 |       |       |       |       ||     2
       Scale mail        |       |    67 |    17 |   395 |   181 ||   660
       Plate armour      |       |       |   164 |       |       ||   164
Dodge: Dodged            |    65 |    76 |    64 |   363 |   149 ||   717
Block: Other             |    25 |    43 |    71 |   157 |    84 ||   380
       Reflection        |       |     1 |     4 |     3 |       ||     8
